 Dungeon Crawl Stone Soup version 0.29-a0-664-gff9cad4a3d (webtiles) character file.

Game seed: 1977001097708697846

1133 buhh the Quickloader (level 8, -1/57 HPs)
             Began as a Formicid Hunter on June 22, 2022.
             Was an Initiate of Hepliaklqana.
             Slain by a kobold
             ... wielding a +0 whip
              (3 damage)
             ... on level 6 of the Dungeon.
             The game lasted 00:11:57 (8237 turns).

buhh the Quickloader (Formicid Hunter)              Turns: 8237, Time: 00:11:57

Health: -1/57      AC:  3    Str: 15    XL:     8   Next: 62%
Magic:  8/8        EV: 12    Int:  8    God:    Hepliaklqana [......]
Gold:   678        SH:  0    Dex: 19    Spells: 7/7 levels left

rFire   + . .      SeeInvis +   a - +1 hand crossbow
rCold   . . .      Faith    .   (no shield)
rNeg    . . .      Spirit   .   b - +0 leather armour
rPois   .          Reflect  .   (helmet unavailable)
rElec   .          Harm     .   (no cloak)
rCorr   .          Rampage  .   (no gloves)
Will    .....                   (no boots)
Stlth   ++........              (no amulet)
HPRegen 0.19/turn               e - ring of protection from fire
MPRegen 0.11/turn               (no ring)

@: lethally poisoned (-1 -> -10)
A: permanent stasis, dig shafts and tunnels, antennae 3, four strong arms, dopey
1, subdued magic 1, sturdy frame 1
a: Dig, Shaft Self, Renounce Religion


You were on level 6 of the Dungeon.
You worshipped Hepliaklqana.
Hepliaklqana was noncommittal.
You visited 2 branches of the dungeon, and saw 8 of its levels.

You collected 678 gold pieces.

Inventory:

Hand Weapons
 a - a +1 hand crossbow (weapon)
Missiles
 d - 4 poisoned darts
Armour
 b - a +0 leather armour (worn)
Magical Staves
 n - a staff of air
Jewellery
 e - a ring of protection from fire (left hand)
 q - a ring of protection from fire
 u - an amulet of magic regeneration
Wands
 f - a wand of flame (15)
 v - a wand of charming (7)
Scrolls
 c - a scroll of fear {unknown}
 g - 9 scrolls of identify {!d}
 i - 2 scrolls of magic mapping {unknown}
 j - a scroll of poison {unknown}
 o - 2 scrolls of enchant weapon {unknown}
 r - a scroll of amnesia {unknown}
 t - 4 scrolls of teleportation {!d}
 T - 2 scrolls of immolation {!d}
Potions
 h - 2 potions of degeneration
 k - 4 potions of flight
 l - a potion of might
 m - a potion of brilliance {unknown}
 s - 4 potions of curing {unknown}
 w - a potion of cancellation {unknown}
 x - a potion of lignification {unknown}
 z - a potion of ambrosia {unknown}
 A - a potion of heal wounds {unknown}


   Skills:
 * Level 2.9 Fighting
 - Level 10.3 Crossbows
 - Level 1.7 Dodging
 - Level 1.2 Stealth


You had 7 spell levels left.
You didn't know any spells.
Your spell library contained the following spells:

 Spells                   Type           Power      Damage    Failure   Level
 Apportation              Tloc           0%         N/A       36%         1
 Necrotize                Necr           0%         1d4       36%         1
 Summon Small Mammal      Summ           0%         N/A       36%         1
 Vampiric Draining        Necr           0%         2d6       77%         3
 Agony                    Necr           0%         N/A       100%        5


Dungeon Overview and Level Annotations

Branches:
Dungeon (7/15) Zot: 23009  Temple (1/1) D:5 Zot: 5900

Altars:
Cheibriados
Dithmenos
Fedhas
Hepliaklqana
Kikubaaqudgha
Makhleb
Nemelex Xobeh
Okawaru
Qazlal
Ru
Sif Muna
Trog
Vehumet
Yredelemnul
Zin

Annotations:
D:2 Terence
D:3 1 runed translucent door, Crazy Yiuf


Innate Abilities, Weirdness & Mutations

You cannot be hasted, slowed, berserked, paralysed or teleported.
You can dig through walls and to a lower floor.
You have a pair of large antennae on your head. (SInv)
Your four strong arms can wield two-handed weapons with a shield.
You are dopey. (Int -2)
Your spells are a little easier to cast, but a little less powerful.
Your movements are slightly less encumbered by armour. (ER -2)


Message History

The kobold brigand is blinded.
The now-empty wand crumbles to dust.
You feel sick.
A kobold comes into view. It is wielding a +0 whip.
You shoot a bolt.
The bolt closely misses the kobold brigand.
The kobold shouts!
You feel sick.
You hear a shout!
The kobold brigand throws a curare-tipped dart.
The curare-tipped dart hits you.
You are more poisoned.
You have difficulty breathing.
Your stasis prevents you from being slowed.
You are too injured to fight recklessly!
Shoot: a) +1 hand crossbow
Press: ? - help, Q - select action, (/) - cycle Shift-Dir - straight line, f/p - kobold brigand
Aim: a kobold brigand, wielding a +0 short sword and quivering curare-tipped darts (severely wounded, blind, 63% to hit)
You shoot a bolt.
The bolt closely misses the kobold brigand.
* * * LOW HITPOINT WARNING * * *
You feel very sick.
Shoot: a) +1 hand crossbow
Press: ? - help, Q - select action, (/) - cycle Shift-Dir - straight line, f/p - kobold brigand
Aim: a kobold brigand, wielding a +0 short sword and quivering curare-tipped darts (severely wounded, blind, 63% to hit)
You shoot a bolt. The bolt hits the kobold brigand.
The kobold brigand is severely wounded.
* * * LOW HITPOINT WARNING * * *
You feel very sick.
Shoot: a) +1 hand crossbow
Press: ? - help, Q - select action, (/) - cycle Shift-Dir - straight line, f/p - kobold brigand
Aim: a kobold brigand, wielding a +0 short sword and quivering curare-tipped darts (severely wounded, blind, 63% to hit)
You shoot a bolt.
The bolt hits the kobold brigand but does no damage.
The kobold brigand is severely wounded.
* * * LOW HITPOINT WARNING * * *
You feel very sick.
The kobold brigand hits you with a +0 short sword.
* * * LOW HITPOINT WARNING * * *
The kobold attacks as you move away! The kobold hits you with a +0 whip.
You die...

##. ## ####.##.##.# .. .#
###....#...#.# #. .#
#......#.♣.#.# #.##.#
#.#.##[#...#.# #.<..######
#.#....##<##.# ###........
#.#..##.###..# #.####..######
#.......#.#.##
........##############.........#
###.##..##..>..K@.......########
# #..##.#...K##########... #
#..>....#.## #..Y
.##.##.###.###.# #...
.....[.........# #...
..####.#######{# #### ...
..####.# ##.##.{ ..# #.#.##
.......# #...#.####.##. #.##
#.##...# #...#.##.....## ##.#


You could see a kobold brigand (blind) and a kobold.

Vanquished Creatures
  Grinder (D:3)
  Sigmund (D:3)
  A water moccasin (D:5)
  A necrophage (D:5)
  2 scorpions
  An orc priest (D:4)
  3 jellies
  3 hounds (D:5)
  2 iguanas (D:4)
  An orc wizard (D:5)
  9 adders
  5 worms
  2 dart slugs
  13 orcs
  13 ball pythons
  5 bats
  11 endoplasms
  4 giant cockroaches
  9 goblins
  10 hobgoblins
  4 jackals (D:1)
  4 quokkas
  2 frilled lizards
  9 kobolds
  4 rats
120 creatures vanquished.

Notes
Turn   | Place    | Note
-------+----------+-------------------------------------------
     0 | D:1      | buhh the Formicid Hunter began the quest for the Orb.
     0 | D:1      | Reached XP level 1. HP: 16/16 MP: 1/1
    63 | D:1      | Reached XP level 2. HP: 20/22 MP: 2/2
   381 | D:1      | Found a faded altar of an unknown god.
   440 | D:1      | Reached XP level 3. HP: 27/27 MP: 3/3
   772 | D:2      | Found a basalt altar of Yredelemnul.
   888 | D:2      | Reached skill level 5 in Crossbows
  1326 | D:2      | Noticed Terence
  1477 | D:2      | Reached XP level 4. HP: 33/33 MP: 4/4
  2089 | D:3      | HP: 1/33 [poisoned by an adder]
  2090 | D:3      | Gained mutation: Your movements are slightly less
                  | encumbered by armour. (ER -2) [potion of mutation]
  2090 | D:3      | Gained mutation: You are dopey. (Int -2) [potion of
                  | mutation]
  2090 | D:3      | Gained mutation: Your spells are a little easier to cast,
                  | but a little less powerful. [potion of mutation]
  3104 | D:4      | Reached skill level 6 in Crossbows
  3104 | D:4      | Reached XP level 5. HP: 38/38 MP: 5/5
  3118 | D:4      | Found a sparkling altar of Nemelex Xobeh.
  3663 | D:4      | Identified the +4 dagger of Iconoclasm {freeze, rPois rN+
                  | Str+6 Int-3}
  3756 | D:4      | You fall into a shaft and drop 3 floors!
  3756 | D:7      | Found a stormy altar of Qazlal.
  4107 | D:6      | Noticed an ice beast
  4146 | D:6      | Reached XP level 6. HP: 44/44 MP: 6/6
  4171 | D:6      | Noticed an ice beast
  4173 | D:5      | Entered Level 5 of the Dungeon
  4197 | D:5      | You fall into a shaft and drop 1 floor!
  4582 | D:6      | Reached skill level 7 in Crossbows
  4805 | D:5      | Found a shimmering blue altar of Sif Muna.
  5239 | D:4      | Reached XP level 7. HP: 42/50 MP: 7/7
  5418 | D:4      | Reached skill level 8 in Crossbows
  6449 | D:3      | You fall into a shaft and drop 3 floors!
  6740 | D:5      | Noticed a water moccasin
  6746 | D:5      | Killed a water moccasin
  6851 | D:5      | Found a staircase to the Ecumenical Temple.
  6885 | D:5      | Reached skill level 9 in Crossbows
  6898 | Temple   | Entered the Ecumenical Temple
  6985 | Temple   | Became a worshipper of Hepliaklqana the Forgotten
  7158 | D:4      | Reached XP level 8. HP: 32/56 MP: 8/8
  7472 | D:3      | Noticed Sigmund
  7561 | D:3      | Noticed Grinder
  7579 | D:3      | Killed Grinder
  7692 | D:3      | Killed Sigmund
  7693 | D:3      | Reached skill level 10 in Crossbows
  7780 | D:3      | Found a runed translucent door.
  7781 | D:3      | Noticed Crazy Yiuf
  8236 | D:6      | HP: 2/57 [kobold brigand/+0 short sword (6)]
  8237 | D:6      | Slain by a kobold

Illustrated notes

Levels and vault maps discovered:
D:1:      wander_arrival_chamber, layout_loops_ring,
          shapermc_ecumenical_altar_mp_ritualfount
D:2:      layout_loops_cross, basic_altar, uniq_terence
D:3:      layout_loops_ring, minmay_pentangle, uniq_grinder, uniq_sigmund,
          uniq_crazy_yiuf_cottage
D:4:      minmay_polygon_palace, layout_basic, nemelex_spade_bored_becter,
          hangedman_abyss_or_decor_lesser_grid
D:5:      layout_basic, mainiacjoe_overflow_paths,
          minmay_temple_entry_statues_pillars
D:6:      layout_loops_cross, mainiacjoe_overflow_concentric_impassable,
          grunt_ministairs_5
D:7:      layout_rooms, old_standard_altar, gammafunk_ghost_berserking_beasts,
          amcnicky_altar_lugonu_corruption
Temple:   lightli_temple_of_artemis

Skill      XL: |  1  2  3  4  5  6  7  8 |
---------------+-------------------------+-----
Crossbows      | 5 6 7 9 10 | 10.3
Fighting       | |  2.9
Dodging        | |  1.7
Stealth        | |  1.2

Action                   |  1- 3 |  4- 6 |  7- 9 || total
-------------------------+-------+-------+-------++-------
 Fire: Hand crossbow     |    83 |   152 |   198 ||   433
 Abil: Dig               |     1 |       |       ||     1
       Shaft Self        |       |     2 |     1 ||     3
Evoke: Wand              |       |       |    12 ||    12
  Use: Scroll            |     3 |     1 |       ||     4
       Potion            |       |     3 |       ||     3
Armor: Leather armour    |     8 |    19 |    21 ||    48
Dodge: Dodged            |    20 |    90 |    82 ||   192

Table legend: (Time is in decaauts)
 A = Elapsed time spent in this place.
 B = Non-inter-level travel time spent in this place.
 C = Inter-level travel time spent in this place.
 D = Time resting spent in this place.
 E = Time spent auto-exploring this place.
 F = Levels seen in this place.
 G = Mean time per level.
                   A        B        C        D        E       F      G
               +--------+--------+--------+--------+--------+-----+--------+
         Total |   8312 |   7761 |    551 |   2702 |   3899 |   8 | 1039.0 |
       Dungeon |   8213 |   7709 |    504 |   2702 |   3850 |   7 | 1173.3 |
        Temple |     99 |     52 |     47 |      0 |     49 |   1 |   99.0 |
               +--------+--------+--------+--------+--------+-----+--------+

Top non-repeatable levels by time:
     D:4: 2209 daAuts
     D:3: 1879 daAuts
     D:2: 1102 daAuts
     D:6: 1057 daAuts
     D:1: 890 daAuts
     D:5: 758 daAuts
     D:7: 315 daAuts
  Temple: 99 daAuts
